 Dungeon Crawl Stone Soup version 0.30.1-11-g7821555f0a (webtiles) character file.

Game seed: 7093554383670104919

117 cdecastro the Cudgeller (level 4, -3/57 HPs)
             Began as an Armataur Warper on Dec 21, 2023.
             Was an Initiate of Dithmenos.
             Slain by a gnoll
             ... wielding a +0 whip
              (7 damage)
             ... on level 3 of the Dungeon on Jan 9, 2024.
             The game lasted 00:05:42 (2474 turns).

cdecastro the Cudgeller (Armataur Warper)           Turns: 2474, Time: 00:05:42

Health: -3/57      AC:  6    Str: 18    XL:     4   Next: 71%
Magic:  6/6        EV:  9    Int: 13    God:    Dithmenos [......]
Gold:   117        SH:  0    Dex: 10    Spells: 6/6 levels left

rFire   . . .        a - +0 mace
rCold   . . .        (no shield)
rNeg    . . .        b - +0 leather armour
rPois   .            o - +1 helmet
rElec   .            (no cloak)
rCorr   .            (no gloves)
SInv    .            (no barding)
Will    .....        (no amulet) Stlth
                     (no ring)
HPRegen 0.29/turn    (no ring)
MPRegen 0.10/turn

%: roll
@: berserking, lethally poisoned (-3 -> -4), very quick
A: large, rugged brown scales 3, deformed body, armoured tail, roll, long
tongue, awkward tongue
a: Renounce Religion


You were on level 3 of the Dungeon.
You worshipped Dithmenos.
Dithmenos was noncommittal.
You visited 1 branch of the dungeon, and saw 3 of its levels.

You collected 117 gold pieces.

Inventory:

Hand Weapons
 a - a +0 mace (weapon)
Missiles
 d - 7 boomerangs of dispersal (quivered)
 g - 3 poisoned darts
Armour
 b - a +0 leather armour (worn)
 o - a +1 helmet (worn)
Jewellery
 n - a +6 ring of strength
Wands
 q - a wand of paralysis (11)
Scrolls
 c - a scroll of blinking
 h - 2 scrolls of identify {unknown}
 j - a scroll of vulnerability {unknown}
 k - a scroll of silence {unknown}
 r - a scroll of poison {unknown}
Potions
 e - a potion of haste {unknown}
 f - a potion of curing {unknown}
 i - a potion of berserk rage
 l - 2 potions of might {unknown}
 m - a potion of lignification {unknown}
 p - a potion of attraction {unknown}


   Skills:
 - Level 1.7 Fighting
 + Level 4.5 Maces & Flails
 - Level 0.8 Throwing
 - Level 1.2 Armour
 - Level 1.3 Dodging
 - Level 1.7 Spellcasting
 - Level 3.0 Translocations


You had 6 spell levels left.
You didn't know any spells.
Your spell library contained the following spells:

 Spells                   Type           Power      Damage    Failure   Level
 Blink                    Tloc           16%        N/A       14%         2
 Lesser Beckoning         Tloc           16%        N/A       14%         2
 Teleport Other           Tloc           8%         N/A       26%         3
 Summon Small Mammal      Summ           4%         N/A       30%         1
 Vhi's Electric Charge    Tloc/Air       10%        N/A       45%         3
 Manifold Assault         Tloc           8%         N/A       65%         4
 Call Canine Familiar     Summ           1%         N/A       67%         3
 Summon Guardian Golem    Hex/Summ       1%         N/A       67%         3


Dungeon Overview and Level Annotations

Branches:
Dungeon (3/15)

Altars:
Dithmenos


Innate Abilities, Weirdness & Mutations

You are completely covered in rugged brown scales. (AC +3, +7% HP)
Armour fits poorly on your strangely shaped body.
You have a long armoured tail.
You roll when moving toward enemies. (Rampage)
Your long tongue fully drains potion bottles. (2x potion effects)
Your tongue gives you trouble enunciating. (1.5x scroll delay)


Message History

You completely miss the adder.
The adder is moderately wounded.
The adder closely misses you. The gnoll misses you.
You barely miss the adder.
The adder is moderately wounded.
The adder bites you.
You are poisoned.
The adder poisons you! The gnoll hits you but does no damage.
The adder bites you but does no damage.
You hit the adder.
Your tail-slap misses the adder.
The adder is severely wounded.
You feel sick. The adder bites you.
The gnoll hits you from afar with a +0 halberd.
You hit the adder but do no damage. You tail-slap the adder.
The adder is severely wounded.
You feel sick. The adder barely misses you. The adder bites you.
You are more poisoned.
The adder poisons you!
You hit the adder.
You kill the adder!
Dithmenos accepts your kill.
You feel sick. The rat barely misses you.
You hit the rat.
You kill the rat!
Dithmenos accepts your kill.
You feel sick.
You hit the gnoll but do no damage.
You feel sick. The gnoll barely misses you. The gnoll hits you with a +0 whip!
* * * LOW HITPOINT WARNING * * *
You barely miss the gnoll.
You feel sick.
The gnoll hits you from afar with a +0 halberd!
* * * LOW HITPOINT WARNING * * *
The gnoll hits you with a +0 whip.
* * * LOW HITPOINT WARNING * * *
It was a potion of berserk rage.
A red film seems to cover your vision as you go berserk!
You feel yourself moving faster!
You feel mighty!
You slurp down every last drop of the potion of berserk rage!
You feel sick. The gnoll barely misses you. The gnoll hits you with a +0 whip!
You die...

#........... .......##
...# .###..## ...
)####.# ..= ..###)###
..# ........# #.#
#.....#.###### #.#
#.##.........# #.#
..#######..#.###@#
...........g...#g#####.
###g######.....g..>..?..
# #..## ###..##..####.#
# ##†.## ##g..#..## #
##..####..#.....# #
##..)............
####...##.......#
####.##.####.#...


You could see 2 gnolls.

Vanquished Creatures
  Robin (D:3)
  A gnoll (D:3)
  3 adders
  A worm (D:2)
  An orc (D:3)
  6 ball pythons
  3 endoplasms
  3 giant cockroaches (D:2)
  13 goblins
  4 hobgoblins
  2 jackals (D:2)
  6 quokkas
  6 bats
  A frilled lizard (D:1)
  4 kobolds
  6 rats
61 creatures vanquished.

Notes
Turn   | Place    | Note
-------+----------+-------------------------------------------
     0 | D:1      | cdecastro the Armataur Warper began the quest for the Orb.
     0 | D:1      | Reached XP level 1. HP: 18/18 MP: 3/3
    22 | D:1      | Reached skill level 2 in Maces & Flails
   159 | D:1      | Reached XP level 2. HP: 25/25 MP: 4/4
   382 | D:1      | Reached skill level 3 in Maces & Flails
   390 | D:1      | You fall into a shaft and drop 1 floor!
   402 | D:2      | Found a faded altar of an unknown god.
   413 | D:2      | Reached XP level 3. HP: 25/31 MP: 5/5
  1392 | D:2      | Found a shadowy altar of Dithmenos.
  1901 | D:3      | Noticed Robin
  1983 | D:2      | Became a worshipper of Dithmenos the Shadowed
  2034 | D:3      | Reached XP level 4. HP: 38/38 MP: 6/6
  2040 | D:2      | Reached skill level 4 in Maces & Flails
  2224 | D:3      | Killed Robin
  2474 | D:3      | Slain by a gnoll

Illustrated notes

Levels and vault maps discovered:
D:1:      nzn_arrival_crosshair, layout_basic
D:2:      layout_loops_corners, basic_altar, nicolae_ecumenical_snake_handling,
          minmay_liquid_box
D:3:      layout_rooms, minmay_pentomino_pile, uniq_sigmund, uniq_robin

Skill      XL: |  1  2  3  4 |
---------------+-------------+-----
Maces & Flails | 2 3 4 |  4.5
Fighting       | |  1.7
Throwing       | |  0.8
Armour         | |  1.2
Dodging        | |  1.3
Spellcasting   | |  1.7
Translocations | |  3.0

Action                     |  1- 3 |  4- 6 || total
---------------------------+-------+-------++-------
  Melee: Mace              |   126 |    67 ||   193
         Tailslap          |    10 |     5 ||    15
         Punch             |     2 |       ||     2
    Use: Potion            |       |     1 ||     1
 Armour: Leather armour    |    61 |    29 ||    90
  Dodge: Dodged            |    63 |    40 ||   103
